 Dungeon Crawl Stone Soup version 0.30-a0-377-g5cb311bc9f (webtiles) character file.

Game seed: 1327619880970801956

55 jfcaron the Covered (level 4, -2/40 HPs)
             Began as a Meteoran Fighter on Nov 29, 2022.
             Slain by an orc wizard
             ... wielding a +0 dagger
              (3 damage)
             ... on level 3 of the Dungeon.
             The game lasted 00:04:15 (712 turns).

jfcaron the Covered (Meteoran Fighter)               Turns: 712, Time: 00:04:17

Health: -2/40      AC: 10    Str: 19    XL:     4   Next: 36%
Magic:  5/5        EV:  9    Int:  9    God:
Gold:   89         SH:  0    Dex: 14    Spells: 3/3 levels left

rFire   . . .      SeeInvis .    a - +0 war axe
rCold   . . .      Faith    .    c - +0 buckler
rNeg    . . .      Spirit   .    b - +0 scale mail
rPois   .          Reflect  .    f - +2 helmet
rElec   .          Harm     .    (no cloak)
rCorr   .          Rampage  .    (no gloves)
Will    .....                    (no boots)
Stlth   ..........               (no amulet)
HPRegen 0.26/turn                (no ring)
MPRegen 0.09/turn                (no ring)

@: confused, mighty, glowing
A: sense surroundings 1, otherworldly, glowing, explore regen
a: no special abilities


You were on level 3 of the Dungeon.
You visited 1 branch of the dungeon, and saw 3 of its levels.

You collected 89 gold pieces.

Inventory:

Hand Weapons
 a - a +0 war axe (weapon)
Armour
 b - a +0 scale mail (worn)
 c - a +0 buckler (worn)
 f - a +2 helmet (worn)
 k - a +0 chain mail
Scrolls
 e - 5 scrolls of identify {unknown}
 g - a scroll of noise {unknown}
 j - a scroll of silence {unknown}
 l - a scroll of teleportation {unknown}
Potions
 d - a potion of might
 h - a potion of degeneration {unknown}
 i - a potion of cancellation {unknown}


   Skills:
 + Level 3.7 Fighting
 * Level 3.6 Axes
 + Level 4.1 Armour
 + Level 4.1 Shields


You had 3 spell levels left.
You didn't know any spells.
Your spell library contained the following spells:

 Spells                   Type           Power      Damage    Failure   Level
 Sandblast                Erth           0%         2d4       83%         1
 Shock                    Conj/Air       0%         1d3       83%         1
 Passwall                 Tmut/Erth      0%         N/A       93%         2
 Stone Arrow              Conj/Erth      0%         3d7       99%         3
 Iskenderun's Battlesphe  Conj           0%         2d6       100%        5
 Iron Shot                Conj/Erth      0%         9d1       100%        6
 Spellforged Servitor     Conj/Summ      0%         N/A       100%        7


Dungeon Overview and Level Annotations

Branches:
Dungeon (3/15) Zot: 1048

Altars:


Innate Abilities, Weirdness & Mutations

You passively map a small area around you.
You are easily found by Zot.
You glow in the dark.
You regain HP and MP as you explore.


Message History

The orc wizard hits you but does no damage.
You hear some strange, mumbled words.
A magic dart appears from out of thin air!
The magic dart hits you. The orc priest barely misses you.
The orc wizard barely misses you.
You bump into the rock wall.
The orc wizard hits you but does no damage.
The orc priest completely misses you.
You hear some strange, mumbled words.
You are more confused.
Unknown command.
You're too confused to move!
The orc wizard barely misses you. The orc priest hits you with a +0 mace.
Something hits you but does no damage.
Unknown command.
You barely miss the orc wizard. You miss the orc priest. You miss something.
The orc priest hits you but does no damage.
You hear some strange, mumbled words.
A puff of flame appears from out of thin air!
The puff of flame hits you.
The orc wizard hits you but does no damage.
Unknown command.
You closely miss the orc priest. You completely miss something.
You closely miss the orc wizard. The orc priest hits you with a +0 mace.
* * * LOW HITPOINT WARNING * * *
Something hits you but does no damage. The orc wizard closely misses you.
Unknown command.
You slash the orc priest!
The orc priest is almost dead.
You hit the orc wizard. You closely miss something.
The orc priest calls upon Beogh to heal the orc wizard.
The orc wizard's wounds heal themselves!
You hear some strange, mumbled words.
You are more confused.
The orc wizard hits you with a +0 dagger.
* * * LOW HITPOINT WARNING * * *
The orc priest mumbles some strange prayers to Beogh against you.
Beogh smites you!
* * * LOW HITPOINT WARNING * * *
The orc wizard hits you with a +0 dagger.
You die...

, , *,, , ,, , * ,,
, * , * * # , , ,,,
, , , ,
,...##############.,
, * *
#........<.......
##.......#
##o.###..##
*#o@####.## *
#..{###...# ,
.....## #.### * *
####* ###.# , ,
*#######...# * ,
,......#.### *** *
#...# * ** #...# ~~
#########..##~ ~


You could see an orc priest and an orc wizard.

Vanquished Creatures
  An adder (D:3)
  An ufetubus (D:3)
  A dart slug (D:3)
  5 orcs (D:3)
  An endoplasm (D:1)
  A giant cockroach (D:2)
  3 hobgoblins
  6 jackals
  2 quokkas (D:1)
  4 ball pythons
  A frilled lizard (D:1)
  3 kobolds
  2 rats (D:1)
  2 plants (D:2)
33 creatures vanquished.

Notes
Turn   | Place    | Note
-------+----------+-------------------------------------------
     0 | D:1      | jfcaron the Meteoran Fighter began the quest for the Orb.
     0 | D:1      | Reached XP level 1. HP: 19/19 MP: 2/2
   188 | D:1      | HP: 3/19 [quokka (4)]
   194 | D:1      | HP: 2/19 [quokka (2)]
   199 | D:1      | Reached XP level 2. HP: 2/26 MP: 3/3
   496 | D:2      | Found a faded altar of an unknown god.
   499 | D:2      | Got Plato's Spellbook of the Wind
   512 | D:2      | Reached XP level 3. HP: 28/31 MP: 4/4
   642 | D:3      | Reached XP level 4. HP: 39/40 MP: 5/5
   712 | D:3      | HP: 8/40 [orc wizard/+0 dagger (3)]
   712 | D:3      | HP: 1/40 [orc priest/divine providence (7)]
   712 | D:3      | Slain by an orc wizard

Illustrated notes

Levels and vault maps discovered:
D:1:      dpeg_arrival_chambers_temple_mockup, layout_loops_ring
D:2:      layout_rooms, shapermc_ecumenical_altar_rom_forum
D:3:      kennysheep_big_flooded_room, layout_rooms, guppyfry_early_orc_mine

Skill      XL: |  1  2  3 |
---------------+----------+-----
Axes           | 3 |  3.6
Armour         | 4 |  4.1
Shields        | 4 |  4.1
Fighting       | |  3.7

Action                   |  1- 3 |  4- 6 || total
-------------------------+-------+-------++-------
Melee: War axe           |    75 |    24 ||    99
  Use: Potion            |       |     1 ||     1
Armor: Scale mail        |    69 |    26 ||    95
Dodge: Dodged            |    27 |    20 ||    47
Block: Buckler           |    18 |     8 ||    26

Table legend: (Time is in decaauts)
 A = Elapsed time spent in this place.
 B = Non-inter-level travel time spent in this place.
 C = Inter-level travel time spent in this place.
 D = Time resting spent in this place.
 E = Time spent auto-exploring this place.
 F = Levels seen in this place.
 G = Mean time per level.
                   A        B        C        D        E       F      G
               +--------+--------+--------+--------+--------+-----+--------+
         Total |    749 |    734 |     15 |      0 |    372 |   3 |  249.7 |
       Dungeon |    749 |    734 |     15 |      0 |    372 |   3 |  249.7 |
               +--------+--------+--------+--------+--------+-----+--------+

Top non-repeatable levels by time:
     D:1: 352 daAuts
     D:2: 214 daAuts
     D:3: 183 daAuts
